 Dungeon Crawl Stone Soup version 0.25-a0-413-g3b4b6a4ccc (webtiles) character file.

Game seed: 3798017713622111187, levelgen mode: deterministic

203 Gargoyl the Skirmisher (level 5, -2/45 HPs)
             Began as a Centaur Abyssal Knight on Jan 17, 2020.
             Was a Believer of Lugonu.
             Slain by a hobgoblin
             ... wielding a +0 club
              (3 damage)
             ... on level 3 of the Dungeon.
             The game lasted 00:03:29 (3221 turns).

Gargoyl the Skirmisher (Centaur Abyssal Knight)     Turns: 3221, Time: 00:03:29

Health: -2/45      AC: 10    Str: 14    XL:     5   Next: 51%
Magic:  7/7        EV:  4    Int: 16    God:    Lugonu [**....]
Gold:   118        SH:  0    Dex: 10    Spells: 4/4 levels left

rFire    . . .     SeeInvis .   a - +3 hand axe
rCold    + . .     Gourm    .   (no shield)
rNeg     . . .     Faith    .   k - +0 chain mail
rPois    .         Spirit   .   l - +0 helmet
rElec    .         Reflect  .   (no cloak)
rCorr    .         Harm     .   g - +0 pair of gloves
MR       .....                  (no barding)
Stlth    ..........             (no amulet)
HPRegen  0.15/turn              e - ring of protection from cold
MPRegen  0.10/turn              (no ring)

@: brilliant, berserk cooldown, flying, slowed, lightly drained
A: large, hooves 3, deformed body, speed 2, tough skin 3
a: Depart the Abyss, Bend Space, Renounce Religion


You were on level 3 of the Dungeon.
You worshipped Lugonu.
Lugonu was pleased with you.
You were not hungry.

You visited 1 branch of the dungeon, and saw 3 of its levels.
You visited the Abyss 1 time.

You collected 118 gold pieces.

Inventory:

Hand Weapons
 a - a +3 hand axe (weapon)
Armour
 g - a +0 pair of gloves (worn)
 k - a +0 chain mail (worn)
 l - a +0 helmet (worn)
Jewellery
 e - a ring of protection from cold (left hand)
Scrolls
 b - a scroll of identify
 j - 2 scrolls of fog
Potions
 i - a potion of heal wounds {unknown}
 m - a potion of degeneration {unknown}
Comestibles
 c - 5 rations


   Skills:
 + Level 3.5(3.1) Fighting
 + Level 2.8(2.4) Axes
 * Level 2.8(2.4) Armour
 * Level 1.7(1.3) Dodging
 * Level 2.8(2.4) Invocations


You had 4 spell levels left.
You didn't know any spells.
Your spell library contained the following spells:

 Spells                   Type           Power        Failure   Level  Hunger
 Infusion                 Chrm           #...         50%         1    ##.....
 Shroud of Golubria       Chrm/Tloc      #.....       63%         2    ###....
 Song of Slaying          Chrm           #.......     63%         2    ###....
 Ozocubu's Armour         Chrm/Ice       #.......     82%         3    ####...
 Spectral Weapon          Hex/Chrm       #.......     82%         3    ####...


Dungeon Overview and Level Annotations

Branches:
Dungeon (3/15)

Altars:

Annotations:
D:3 Grinder


Innate Abilities, Weirdness & Mutations

You have hooves in place of feet.
Armour fits poorly on your strangely shaped body.
You cover ground very quickly.
You have extremely tough skin. (AC +3)


Message History

Unknown command.
It was a potion of berserk rage.
A red film seems to cover your vision as you go berserk!
You feel yourself moving faster!
You feel mighty!
Grinder blinks!
You feel a strong urge to attack something.
A hobgoblin comes into view. It is wielding a +0 club.
The hobgoblin shouts!
The hobgoblin moves out of view.
You feel your anger nearly subside.
You are no longer berserk.
You pass out from exhaustion.
You feel yourself slow down. Grinder hits you but does no damage.
You can move again.
It was a potion of flight.
You feel very buoyant.
You fly up into the air.
The hobgoblin hits you with a +0 club.
* * * LOW HITPOINT WARNING * * *
Grinder hits you but does no damage. The hobgoblin hits you with a +0 club.
You die...

..#....(.<##.### ...
........†....... # ..
........###.#.### #.#.
#...###.....#.#
#.#.##...........#.#
#........###.....#.#
#.......####.....#.#
##...5.....#.....#.#
#...g@..##.#.#.#.#†#
##..#..............###
#. ######.#.#...#....
# ...!......#####....
#######.#.....'....
#.#.#####.... #.#.#
##### #.... #....


You could see Grinder and a hobgoblin.

Vanquished Creatures
  An orc wizard (D:3)
  Natasha (twice) (D:2)
  3 adders
  3 gnolls (D:2)
  A worm (D:3)
  A dart slug (D:1)
  2 leopard geckos
  4 orcs (D:3)
  3 bats
  2 giant cockroaches
  9 goblins
  11 hobgoblins
  3 jackals (D:2)
  5 kobolds
  A frilled lizard (D:2)
  10 rats
61 creatures vanquished.

Notes
Turn   | Place    | Note
-------+----------+-------------------------------------------
     0 | Abyss:1  | Gargoyl the Centaur Abyssal Knight began the quest for the
                  | Orb.
     0 | Abyss:1  | Reached XP level 1. HP: 19/19 MP: 2/2
    77 | Abyss:1  | Found a corrupted altar of Lugonu.
   221 | Abyss:3  | Noticed a thrashing horror
   226 | D:1      | Escaped the Abyss
   624 | D:1      | Reached XP level 2. HP: 19/26 MP: 3/3
   784 | D:1      | Reached * piety under Lugonu
   982 | D:1      | Reached skill level 1 in Dodging
  1539 | D:2      | Reached XP level 3. HP: 31/31 MP: 4/4
  1712 | D:2      | Noticed Natasha
  1723 | D:2      | Killed Natasha
  1905 | D:2      | Noticed Natasha
  1915 | D:2      | Killed Natasha
  1915 | D:2      | Reached XP level 4. HP: 25/38 MP: 5/5
  2439 | D:2      | Reached ** piety under Lugonu
  2456 | D:2      | Reached XP level 5. HP: 30/45 MP: 7/7
  3203 | D:3      | Noticed Grinder
  3221 | D:3      | HP: 1/45 [hobgoblin/+0 club (3)]
  3221 | D:3      | Slain by a hobgoblin

Levels and vault maps discovered:
D:1:      eino_arrival_druids_welcome, layout_basic
D:2:      layout_basic, uniq_natasha
D:3:      layout_basic, gammafunk_temple_overflow_elements,
          minmay_tree_intersection, uniq_grinder

Skill      XL: |  1  2  3 |
---------------+----------+-----
Axes           | 2 |  2.8
Dodging        | 1 |  1.7
Armour         | 2 |  2.8
Fighting       | |  3.5
Invocations    | |  2.8

Action                   |  1- 3 |  4- 6 || total
-------------------------+-------+-------++-------
Melee: Hand axe          |    92 |    88 ||   180
       Kick              |    12 |    15 ||    27
Invok: Depart the Abyss  |     1 |       ||     1
  Use: Scroll            |     7 |     2 ||     9
       Potion            |       |     3 ||     3
  Eat: Chunk             |     2 |     4 ||     6
Armor: Leather armour    |    36 |       ||    36
       Chain mail        |    17 |    79 ||    96
Dodge: Dodged            |    47 |    26 ||    73

Table legend:
 A = Non-vault XP
 B = Vault XP
 C = Vault XP percentage of total XP
 D = Non-vault monster count
 E = Vault monster count
 F = Vault count percentage of total count
                 A         B        C        D         E       F
            +---------+---------+-------+---------+---------+-------
      Total |     255 |      36 |  12.4 |      60 |       1 |   1.6
            +---------+---------+-------+---------+---------+-------
        D:1 |      38 |       0 |   0.0 |      20 |       0 |   0.0
        D:2 |     138 |      36 |  20.7 |      27 |       1 |   3.6
        D:3 |      79 |       0 |   0.0 |      13 |       0 |   0.0
            +---------+---------+-------+---------+---------+-------
